 Dungeon Crawl Stone Soup version 0.22.0-27-ga576289 (webtiles) character file.

23 KLATTERAL the Insei (level 2, 0/18 HPs)
             Began as an Octopode Transmuter on Aug 22, 2018.
             Slain by an adder (3 damage)
             ... on level 2 of the Dungeon.
             The game lasted 00:04:03 (738 turns).

KLATTERAL the Insei (Octopode Transmuter)            Turns: 738, Time: 00:04:04

Health: 0/18       AC:  1    Str:  9    XL:     2   Next: 95%
Magic:  5/5        EV: 13    Int: 15    God:
Gold:   64         SH:  0    Dex: 12    Spells: 2/5 levels left

rFire    . . .     SeeInvis .   d - +0 spear
rCold    . . .     Gourm    .   (no shield)
rNeg     . . .     Faith    .   (helmet restricted)
rPois    .         Spirit   .   (no amulet)
rElec    .         Reflect  .   f - ring of wizardry
rCorr    +         Harm     .   h - ring of resist corrosion
MR       .....                  (no ring)
Stlth    ++........             (no ring)
HPRegen  0.06/turn              (no ring)
MPRegen  0.09/turn              (no ring)
                                (no ring)
                                (no ring)

@: lethally poisoned (0 -> -3)
A: almost no armour, stealthy swim, amphibious, 8 rings, constrict 8, camouflage
1, gelatinous body 1
a: no special abilities


You were on level 2 of the Dungeon.
You were not hungry.

You visited 1 branch of the dungeon, and saw 2 of its levels.

You collected 64 gold pieces.

Inventory:

Hand Weapons
 d - a +0 spear (weapon)
Missiles
 a - 11 arrows (quivered)
Jewellery
 f - a ring of wizardry (left tentacle)
 h - a ring of resist corrosion (right tentacle)
Scrolls
 e - 2 scrolls of immolation {unknown}
 g - a scroll of teleportation {unknown}
 i - a scroll of fog {unknown}
Comestibles
 b - a chunk of flesh
 c - a ration


   Skills:
 + Level 1.0 Fighting
 + Level 0.3 Polearms
 + Level 2.1 Dodging
 + Level 3.6 Unarmed Combat
 + Level 2.2 Spellcasting
 + Level 2.1 Transmutations


You had 2 spell levels left.
You knew the following spells:

 Your Spells              Type           Power        Failure   Level  Hunger
a - Beastly Appendage     Tmut           #.....       4%          1    #......
b - Sticks to Snakes      Tmut           #.......     6%          2    ###....

Your spell library contained the following spells:

 Spells                   Type           Power        Failure   Level  Hunger
 Spider Form              Tmut/Pois      #.........   16%         3    ###....
 Ice Form                 Ice/Tmut       #.......     45%         4    #####..
 Blade Hands              Tmut           #.........   67%         5    ######.


Dungeon Overview and Level Annotations

Branches:
Dungeon (2/15)

Altars:


Innate Abilities, Weirdness & Mutations

You cannot wear most types of armour.
You are very stealthy in the water. (Stealth+)
You are amphibious.
You can wear up to eight rings at the same time.
You can use your tentacles to constrict eight enemies at once.
Your skin changes colour to match your surroundings (Stealth+).
Your rubbery body absorbs attacks. (AC +1, EV +1)


Message History

You barely miss the adder. You grab the adder.
Your tentacle spike misses the adder.
The adder is heavily wounded.
Your tentacle spike disappears.
You constrict the adder. The adder bites you.
* * * LOW HITPOINT WARNING * * *
The goblin misses you. As you open the door, it creaks loudly!
You constrict the adder.
You hear a shout! x5
The adder closely misses you. The goblin closely misses you.
A goblin comes into view. It is wielding a dagger.
A goblin comes into view.
The goblin barely misses you.
You release your grip on the adder.
* * * LOW HITPOINT WARNING * * *
You feel sick.
A giant cockroach comes into view.
The adder bites you.
You die...

+#+######
........#
........#
.g......#
.g.....g#
....g.†g#######.
......gS@.....s.
........#######.#
.................
#########.......#
#...####.######.
#...'....#
#...######
#...#########
#...........#


You could see an adder, a giant cockroach (wandering) and 6 goblins.

Vanquished Creatures
  A dart slug (D:1)
  2 ball pythons (D:1)
  2 giant cockroaches (D:1)
  3 jackals (D:2)
  3 bats (D:1)
  2 frilled lizards (D:1)
  A goblin (D:1)
  A kobold (D:1)
  6 rats (D:1)
21 creatures vanquished.

Vanquished Creatures (collateral kills)
  A kobold (D:1)
1 creature vanquished.

Grand Total: 22 creatures vanquished

Notes
Turn   | Place    | Note
-------+----------+-------------------------------------------
     0 | D:1      | KLATTERAL the Octopode Transmuter began the quest for the Orb.
     0 | D:1      | Reached XP level 1. HP: 13/13 MP: 3/3
    98 | D:1      | Reached XP level 2. HP: 12/18 MP: 5/5
   200 | D:1      | Learned a level 2 spell: Sticks to Snakes
   738 | D:2      | Slain by an adder

Action                   || total
-------------------------++-------
Melee: Unarmed           ||    16
       Constrict         ||    12
       Tentacles         ||     1
       Spear             ||    28
       Kick              ||     2
       Punch             ||     1
 Cast: Sticks to Snakes  ||     1
       Beastly Appendage ||     1
 Stab: Sleeping          ||     1
Armor: Skin              ||     6
Dodge: Dodged            ||    49
